Map: Cyber Forest LE

Players

Gerald

  • Race: Protoss Protoss
  • Spawn Location: 5:00

Nerchio - Winner!

  • Race: Zerg Zerg
  • Spawn Location: 11:00

Event: 2019 WCS Summer

VOD

Have the link to the VOD?

Description

Time

  • Played on: July 13, 2019, 7:11 a.m.
  • Length: 13:48

All games in this series

Show
View Real Time Build Order
Export as new Build Order

Gerald Protoss 

Build Orders: 1 Gate Expand, Archon Immortal 

Get SALT Encoding   

  12  0:00  Probe  
  13  0:12  Probe  
  14  0:18  Pylon  
  14  0:25  Probe  
  15  0:33  Probe  
  15  0:41  Probe  
  16  0:44  Gateway  
  17  0:51  Probe  
  17  0:52  Assimilator  
  18  1:03  Probe  
  19  1:15  Probe  
  20  1:25  Nexus  
  20  1:36  Cybernetics Core  
  20  1:38  Probe  
  21  1:44  Assimilator  
  21  1:50  Probe  
  22  1:54  Pylon  
  22  2:02  Probe, Adept  
  23  2:14  Probe  
  26  2:16  Robotics Facility  
  26  2:21  Warp Gate  
  26  2:24  Stalker  
  26  2:26  Probe  
  29  2:38  Probe x2  
  31  2:50  Probe  
  32  2:54  Probe, Adept  
  35  3:00  Immortal  
  35  3:02  Probe  
  36  3:06  Probe  
  41  3:16  Pylon  
  41  3:23  Shield Battery  
  41  3:24  Probe  
  40  3:27  Probe  
  41  3:36  Immortal  
  41  3:41  Gateway  
  41  3:43  Pylon  
  45  3:51  Probe  
  46  3:56  Pylon  
  46  4:01  Probe, Twilight Council  
  47  4:04  Probe  
  47  4:05  Warp Prism  
  47  4:09  Pylon  
  50  4:18  Probe x2  
  52  4:25  Zealot  
  52  4:30  Probe x2  
  56  4:32  Gateway  
  56  4:37  Gateway  
  56  4:42  Probe  
  57  4:46  Assimilator  
  57  4:47  Assimilator, Adept  
  59  4:55  Probe  
  59  4:56  Pylon  
  59  4:57  Observer  
  61  5:03  Probe  
  62  5:07  Probe  
  63  5:15  Charge  
  63  5:21  Probe x2  
  61  5:25  Forge, Dark Shrine  
  61  5:32  Zealot x4  
  69  5:45  Nexus  
  69  5:46  Pylon  
  69  5:54  Immortal  
  73  6:02  Protoss Ground Weapons Level 1  
  72  6:11  Probe  
  72  6:16  Gateway x2  
  70  6:34  Immortal  
  70  6:36  Gateway  
  70  6:39  Dark Templar x2  
  77  6:40  Dark Templar, Gateway  
  77  6:45  Dark Templar  
  81  6:50  Probe x2  
  83  7:02  Probe  
  84  7:10  Immortal  
  84  7:17  Dark Templar x4  
  84  7:18  Zealot  
  97  7:32  Zealot x2  
  97  7:36  Pylon  
  98  7:38  Archon, Pylon  
  98  7:39  Archon, Pylon  
  98  7:44  Pylon  
  98  7:47  Archon  
  98  7:49  Probe x3  
  101  7:57  Dark Templar x4  
  109  8:01  Zealot x3  
  109  8:02  Archon x2  
  109  8:03  Observer  
  116  8:12  Zealot  
  118  8:17  Pylon  
  118  8:20  Dark Templar  
  118  8:21  Dark Templar  
  118  8:22  Zealot x2  
  118  8:23  Zealot  
  118  8:27  Archon  
  122  8:54  Zealot x6  
  122  8:55  Zealot x2, Immortal  
  94  9:09  Probe  
  69  9:20  Dark Templar x3  
  69  9:21  Zealot  
  69  9:22  Zealot x3  
  83  9:28  Dark Templar, Archon  
  85  9:32  Immortal  
  85  9:33  Archon  
  89  9:43  Assimilator  
  89  9:44  Zealot x3  
  95  9:50  Zealot  
  97  10:04  Dark Templar x3  
  97  10:05  Zealot x2  
  97  10:06  Zealot x2  
  111  10:10  Archon  
  111  10:14  Zealot  
  113  10:25  Zealot x3  
  111  10:33  Zealot  
  111  10:34  Zealot x2  
  91  10:40  Zealot x3  
  79  10:46  Zealot x2  
  75  10:54  Zealot x3  
  71  11:07  Zealot x5  
  79  11:12  Immortal  
  66  11:22  Zealot x3  
  67  11:32  Zealot x2  
  68  11:34  Zealot  
  68  11:35  Zealot x2  
  60  11:47  Zealot x3  
  60  12:03  Zealot x5  
  70  12:22  Dark Templar x3  
  76  12:23  Dark Templar  
  76  12:28  Archon  
  76  12:29  Archon  
  78  12:32  Immortal  
  76  12:52  Sentry x2  
  76  12:53  Sentry x2  
  84  13:03  Zealot  
  64  13:25  Stalker x3  
  66  13:31  Sentry x2  
  56  13:41  Zealot x2  
Show
View Real Time Build Order
Export as new Build Order

Nerchio Zerg - Winner!

Build Orders: Hatch First 

Get SALT Encoding   

  12  0:00  Drone  
  13  0:12  Overlord  
  13  0:17  Drone  
  14  0:30  Drone x2  
  16  0:45  Drone  
  17  0:52  Hatchery  
  17  0:55  Drone  
  17  0:58  Drone  
  17  1:00  Extractor  
  17  1:15  Spawning Pool  
  17  1:17  Drone  
  17  1:20  Drone  
  18  1:27  Drone  
  19  1:38  Drone  
  20  1:48  Overlord  
  20  2:02  Metabolic Boost, Queen  
  20  2:05  Queen  
  20  2:07  Zergling x2  
  25  2:10  Zergling x2  
  25  2:13  Drone  
  27  2:16  Drone  
  27  2:21  Drone  
  29  2:26  Drone  
  30  2:40  Hatchery  
  30  2:43  Zergling x2  
  30  2:44  Zergling x2  
  30  2:50  Zergling x2  
  32  2:58  Queen, Overlord  
  34  3:08  Drone x2  
  36  3:22  Overlord  
  36  3:25  Overlord  
  35  3:43  Drone  
  35  3:44  Drone x5  
  35  3:45  Drone  
  35  3:46  Drone x2  
  35  3:48  Queen  
  44  3:53  Drone  
  45  3:57  Lair  
  45  4:00  Drone x2  
  47  4:04  Drone  
  47  4:06  Extractor  
  47  4:08  Drone x2  
  47  4:09  Roach Warren  
  48  4:14  Drone x2  
  48  4:15  Drone  
  48  4:16  Drone  
  52  4:21  Overlord  
  52  4:23  Drone x2  
  52  4:24  Drone  
  55  4:26  Drone  
  55  4:29  Overlord  
  56  4:39  Queen  
  56  4:41  Zergling x8  
  56  4:45  Queen  
  64  4:50  Zergling x8  
  68  4:54  Zergling x2  
  68  4:55  Zergling x4  
  68  4:57  Overlord  
  71  5:01  Glial Reconstitution  
  71  5:03  Overlord  
  71  5:04  Overseer  
  71  5:06  Overseer  
  70  5:18  Drone x10  
  79  5:23  Overseer  
  79  5:26  Roach x3  
  79  5:27  Roach  
  87  5:30  Overseer  
  89  5:35  Roach  
  89  5:36  Overlord  
  89  5:37  Overlord  
  89  5:39  Overlord  
  89  5:42  Extractor  
  87  5:43  Overlord x2  
  87  5:57  Roach  
  87  5:58  Roach x4  
  95  6:13  Roach x4  
  95  6:16  Roach  
  95  6:18  Drone x5  
  110  6:21  Extractor  
  109  6:26  Extractor  
  110  6:32  Roach  
  110  6:33  Baneling Nest, Roach x3  
  110  6:36  Hatchery  
  114  6:40  Overseer  
  114  6:47  Roach x2  
  114  6:51  Extractor, Roach x2  
  114  6:53  Overlord x3  
  120  7:11  Roach x9  
  136  7:17  Centrifical Hooks  
  136  7:20  Drone x5  
  141  7:28  Roach x6  
  153  7:35  Overseer  
  154  7:40  Overlord x2  
  154  7:41  Overlord  
  154  7:47  Hatchery  
  151  7:59  Zergling x6  
  151  8:00  Zergling x18  
  162  8:09  Zergling x6  
  165  8:15  Zergling x8  
  169  8:24  Zergling x16  
  177  8:29  Baneling x4  
  177  8:30  Baneling x13  
  171  8:46  Roach  
  171  8:47  Roach x6  
  145  8:56  Roach x3  
  145  8:58  Roach  
  134  9:02  Roach  
  134  9:03  Roach  
  134  9:06  Roach  
  124  9:11  Drone x3  
  124  9:13  Drone  
  124  9:15  Drone  
  123  9:20  Drone  
  123  9:21  Drone x3  
  125  9:27  Queen  
  125  9:31  Zergling x8  
  128  9:34  Ravager  
  128  9:35  Ravager x2  
  128  9:36  Ravager  
  135  9:38  Zergling x2  
  135  9:39  Zergling x4  
  135  9:41  Zergling x4  
  140  9:47  Zergling x10  
  140  9:52  Baneling x8  
  144  9:54  Ravager x3  
  144  9:55  Ravager  
  148  10:00  Zergling x8  
  148  10:03  Zergling x2  
  148  10:04  Zergling x4  
  156  10:07  Ravager x5  
  160  10:19  Baneling x17  
  149  10:29  Roach x5  
  132  10:36  Roach x4  
  125  10:44  Zergling x14  
  125  10:48  Zergling x6  
  126  10:50  Zergling x2  
  126  10:51  Zergling x2  
  126  10:55  Roach  
  126  10:56  Roach  
  129  11:00  Roach x3  
  129  11:04  Roach  
  137  11:05  Roach  
  139  11:12  Roach x2  
  139  11:13  Roach x2  
  139  11:15  Roach  
  139  11:17  Roach  
  144  11:18  Roach  
  144  11:24  Roach  
  144  11:25  Roach  
  140  11:34  Drone x4  
  141  11:45  Hydralisk Den, Queen  
  134  11:47  Evolution Chamber  
  134  11:51  Roach x6  
  140  11:56  Zergling x4  
  142  12:03  Zergling x4  
  144  12:09  Zergling x6  
  144  12:15  Zergling x4  
  149  12:20  Spore Crawler  
  149  12:21  Spine Crawler  
  147  12:22  Grooved Spines  
  147  12:23  Zergling x6  
  147  12:28  Baneling x13  
  147  12:29  Baneling  
  150  12:30  Zergling x2  
  150  12:31  Zergling x2  
  150  12:34  Zergling x2  
  150  12:35  Zergling x2  
  154  12:41  Zergling x10  
  154  12:43  Zergling x2  
  158  12:46  Hydralisk  
  158  12:47  Hydralisk  
  158  12:50  Hydralisk  
  160  12:52  Hydralisk  
  162  12:59  Hydralisk x3  
  164  13:11  Hydralisk x2  
  164  13:12  Hydralisk x2  
  162  13:18  Hydralisk x2  
  162  13:19  Hydralisk  
Tags
 
Add a new tag
Caveats
  • Supply blocks, unpowered buildings, or Contaminate may cause inaccurate times.
  • Supply counts are checked every 10 seconds.